 Dungeon Crawl Stone Soup version 0.30-a0-772-g5528072125 (webtiles) character file.

Game seed: 6732471468292111732

11323 Leeroy the Carver (level 11, -4/52 HPs)
             Began as a Vine Stalker Warper on Feb 12, 2023.
             Was a Priest of Wu Jian.
             Killed from afar by a gargoyle (13 damage)
             ... with a stone arrow
             ... on level 11 of the Dungeon.
             The game lasted 00:31:10 (13241 turns).

Leeroy the Carver (Vine Stalker Warper)            Turns: 13241, Time: 00:31:11

Health: -4/52      AC:  9    Str: 15    XL:     11   Next: 75%
Magic:  0/24       EV: 13    Int: 19    God:    Wu Jian [***...]
Gold:   445        SH:  0    Dex: 17    Spells: 6/26 levels left

rFire   . . .      SeeInvis .    w - +2 scimitar (freeze)
rCold   . . .      Faith    .    (no shield)
rNeg    . . .      Spirit   +    Q - +1 ring mail of a Hundred Leylines {Int+6}
rPois   .          Reflect  .    (no helmet)
rElec   .          Harm     .    g - +0 cloak
rCorr   .          Rampage  .    u - +0 pair of gloves
Will    +....                    (no boots)
Stlth   +                        H - amulet of the acrobat
HPRegen 1.08/turn                (no ring)
MPRegen 0.19/turn                (no ring)

@: studying Unarmed Combat
A: fangs 3, regeneration 1, magic shield, antimagic bite, no potion heal 2
a: Renounce Religion, Wall Jump, Serpent's Lash


You were on level 11 of the Dungeon.
You worshipped Wu Jian.
Wu Jian was most pleased with you.
You visited 2 branches of the dungeon, and saw 12 of its levels.
You also visited: Ossuary.

You collected 719 gold pieces.
You spent 274 gold pieces at shops.

Inventory:

Hand Weapons
 b - a +4 scimitar
 l - a +1 dagger of holy wrath
 s - a +2 dagger of venom
 w - a +2 scimitar of freezing (weapon)
 z - a +0 dagger of speed
 N - a +1 falchion of draining
 O - a +0 great sword
 Y - the +7 war axe of the Radish {drain, rPois Int+2 Dex+3 Stlth+}
   (You found it on level 7 of the Dungeon)

   Int:       It affects your intelligence (+2).
   Dex:       It affects your dexterity (+3).
   rPois:     It protects you from poison.
   Stlth:     It makes you more stealthy.
Missiles
 a - 12 boomerangs
 d - 6 boomerangs of dispersal
 o - 5 curare-tipped darts (quivered)
 C - 42 poisoned darts
 U - 3 silver boomerangs
 V - 4 atropa-tipped darts
Armour
 g - a +0 cloak (worn)
 u - a +0 pair of gloves (worn)
 B - a +1 robe of resistance
 G - +0 acid dragon scales
 J - a +1 leather armour of willpower
 Q - the +1 ring mail of a Hundred Leylines (worn) {Int+6}
   (You found it on level 5 of the Dungeon)

   Int:       It affects your intelligence (+6).
Magical Staves
 D - a staff of poison
Jewellery
 p - an amulet of faith
 v - an amulet of magic regeneration
 H - an amulet of the acrobat (around neck)
Wands
 t - a wand of flame (42)
 E - a wand of roots (12)
 Z - a wand of polymorph (5)
Scrolls
 c - 2 scrolls of enchant weapon
 e - 6 scrolls of amnesia
 j - 2 scrolls of immolation
 q - 2 scrolls of magic mapping
 x - 3 scrolls of enchant armour
 y - 3 scrolls of teleportation
 L - 2 scrolls of silence
 R - a scroll of brand weapon
 W - 3 scrolls of noise
 X - a scroll of fog
Potions
 f - 2 potions of mutation
 h - 2 potions of degeneration
 i - a potion of flight
 k - 4 potions of haste {unknown}
 m - 11 potions of curing
 n - 3 potions of heal wounds {unknown}
 r - 5 potions of berserk rage
 A - 2 potions of magic {unknown}
 F - 3 potions of cancellation {unknown}
 I - 4 potions of attraction {unknown}
 M - 2 potions of lignification {unknown}
 S - a potion of brilliance {unknown}
 T - a potion of might {unknown}
Miscellaneous
 P - a lightning rod (4/4)


   Skills:
 - Level 3.2 Fighting
 - Level 12.2 Long Blades
 - Level 0.8 Throwing
 - Level 3.2 Armour
 + Level 4.8 Dodging
 - Level 8.1 Spellcasting
 - Level 3.0 Translocations
 - Level 1.0 Air Magic
 - Level 5.3 Poison Magic
 - Level 3.3 Evocations


You had 6 spell levels left.
You knew the following spells:

 Your Spells              Type           Power      Damage    Failure   Level
a - Blink                 Tloc           38%        N/A       8%          2
b - Vhi's Electric Charg  Tloc/Air       30%        N/A       22%         3
c - Poisonous Vapours     Pois/Air       38%        N/A       7%          2
d - Olgreb's Toxic Radia  Pois           28%        N/A       19%         4
e - Manifold Assault      Tloc           19%        N/A       45%         4
f - Summon Small Mammal   Summ           28%        N/A       17%         1
g - Sting                 Tmut/Pois      68%        1d6       6%          1
h - Mephitic Cloud        Conj/Pois/Air  15%        N/A       22%         3

Your spell library contained the following spells:

 Spells                   Type           Power      Damage    Failure   Level
 Apportation              Tloc           38%        N/A       4%          1
 Lesser Beckoning         Tloc           38%        N/A       8%          2
 Teleport Other           Tloc           19%        N/A       16%         3
 Magic Dart               Conj           28%        1d4       17%         1
 Necrotise                Necr           28%        1d5       17%         1
 Call Imp                 Summ           7%         N/A       26%         2
 Summon Guardian Golem    Hex/Summ       7%         N/A       45%         3
 Animate Armour           Summ/Erth      14%        N/A       86%         4
 Blade Hands              Tmut           3%         N/A       99%         5
 Iron Shot                Conj/Erth      3%         9d2       100%        6
 Orb of Destruction       Conj           3%         9d5       100%        7
 Spellforged Servitor     Conj/Summ      3%         N/A       100%        7


Dungeon Overview and Level Annotations

Branches:
Dungeon (11/15)            Temple (1/1) D:4            Lair (0/5) D:10
    Orc (0/2) D:11        Ossuary (visited)

Altars:
Ashenzari
Cheibriados
Dithmenos
Elyvilon
Fedhas
Gozag
Hepliaklqana
Kikubaaqudgha
Makhleb
Nemelex Xobeh
Okawaru
Qazlal
Ru
Sif Muna
Trog
Uskayaw
Vehumet
Wu Jian
Xom
Yredelemnul
Zin
The Shining One

Shops:
D:2 =[   D:3 :   D:5 (   D:6 (   D:9 !


Innate Abilities, Weirdness & Mutations

You have razor-sharp teeth.
Your natural rate of healing is unusually fast.
When hurt, damage is shared between your health and your magic reserves.
Your bite disrupts and absorbs the magic of your enemies.
Potions cannot restore your health.


Message History

Confirm with . or Enter, or press ? or * to list all spells.
Charge where?
Press: ? - help, Dir - move target, f - gargoyle
Aim: a gargoyle, wielding a +0 flail (wandering, hasn't noticed you, 94% to hit)
You charge forward with an electric crackle!
You hit the gargoyle but do no damage. The gargoyle closely misses you.
You hit the gargoyle but do no damage. You barely miss the gargoyle.
The gargoyle hurls a stone arrow at you.
The stone arrow hits you.
You hit the gargoyle but do no damage. The gargoyle hits you with a +0 flail.
You hit the gargoyle but do no damage. You bite the gargoyle.
You drain its power.
You feel invigorated.
The gargoyle is lightly damaged.
The gargoyle hurls a stone arrow at you.
The stone arrow hits you!!
You hit the gargoyle. You freeze the gargoyle. Your bite misses the gargoyle.
The gargoyle is lightly damaged.
The gargoyle closely misses you.
You barely miss the gargoyle.
You bite the gargoyle, but do no damage.
The gargoyle is lightly damaged.
You hit the gargoyle. You freeze the gargoyle.
You bite the gargoyle, but do no damage.
The gargoyle is moderately damaged.
The gargoyle hurls a stone arrow at you.
The stone arrow hits you!
You barely miss the gargoyle. Your bite misses the gargoyle.
The gargoyle is moderately damaged.
The gargoyle hits you with a +0 flail!!
* * * LOW HITPOINT WARNING * * *
You slash the gargoyle! You freeze the gargoyle. Your bite misses the gargoyle.
The gargoyle is almost destroyed.
The gargoyle hurls a stone arrow at you.
The stone arrow misses you.
You completely miss the gargoyle. Your bite misses the gargoyle.
The gargoyle is almost destroyed.
The gargoyle hurls a stone arrow at you.
The stone arrow hits you!
You die...

###############
#..............
#.............. .....# .
#..)....9...... .....#..
#......@.......##....#..
#..†........... ........
#.....###'#######.....##
#.....#.........#.....#.
#.....#.........#.....#.
#.....#.........#.##..#.
#.#...#...............#
#...†.##.....#######..##
#......#....## ##...


You could see a gargoyle.

Vanquished Creatures
  2 two-headed ogres
  A boulder beetle (D:11)
  Maurice (D:8)
  A komodo dragon (D:10)
  3 trolls
  2 wraiths
  Eustachio (D:3)
  A basilisk (D:10)
  A wyvern (D:11)
  4 vampire mosquitoes
  7 yaks (D:10)
  2 acid dragons
  Edmund (D:5)
  7 water moccasins
  3 orc warriors
  2 ice beasts
  3 sky beasts
  3 centaurs
  3 ogres
  3 kobold brigands
  2 phantoms (D:5)
  A gnoll sergeant (D:5)
  2 bullfrogs
  A necrophage (D:8)
  12 scorpions
  22 wights
  3 howler monkeys
  2 jellies
  4 hounds (D:5)
  3 gnoll boudas
  5 human zombies (Ossuary)
  3 orc priests
  4 iguanas
  4 scorpion zombies (Ossuary)
  3 orc wizards
  3 mummies (Ossuary)
  Robin (D:3)
  8 adders
  21 gnolls
  A shadow imp (D:7)
  A white imp (D:8)
  2 worms
  4 dart slugs
  19 orcs
  11 endoplasms
  5 giant cockroaches
  18 goblins
  12 hobgoblins
  19 kobolds
  5 quokkas
  12 ball pythons
  6 bats
  3 frilled lizards
  2 gnoll zombies (Ossuary)
  A goblin zombie (Ossuary)
  A hobgoblin zombie (Ossuary)
  A kobold zombie (Ossuary)
  2 orc zombies (Ossuary)
  8 rats
288 creatures vanquished.

Vanquished Creatures (others)
  36 plants (D:10)
36 creatures vanquished.

Grand Total: 324 creatures vanquished

Notes
Turn   | Place    | Note
-------+----------+-------------------------------------------
     0 | D:1      | Leeroy the Vine Stalker Warper began the quest for the Orb.
     0 | D:1      | Reached XP level 1. HP: 11/11 MP: 4/4
    59 | D:1      | Reached skill level 2 in Long Blades
   179 | D:1      | Reached XP level 2. HP: 15/15 MP: 4/6
   510 | D:1      | Reached skill level 3 in Long Blades
   526 | D:1      | Reached XP level 3. HP: 15/18 MP: 2/7
  1111 | D:2      | Found Weawn's Jewellery Boutique.
  1151 | D:2      | Found Jur Peubai's Antique Armour Emporium.
  1294 | D:2      | Gained mutation: Your natural rate of healing is unusually
                  | fast. [Vine Stalker growth]
  1294 | D:2      | Reached XP level 4. HP: 10/23 MP: 5/8
  1677 | D:2      | Reached skill level 4 in Long Blades
  1941 | D:2      | Reached XP level 5. HP: 15/26 MP: 5/9
  2310 | D:3      | Reached skill level 5 in Long Blades
  2556 | D:3      | Reached XP level 6. HP: 13/30 MP: 3/10
  2681 | D:3      | Noticed Robin
  2746 | D:3      | Killed Robin
  2777 | D:3      | Found Ipnuh's Book Boutique.
  2931 | D:3      | Reached skill level 6 in Long Blades
  3608 | D:4      | Noticed a black bear
  3610 | D:4      | Noticed Eustachio
  3690 | D:3      | Killed Eustachio
  3691 | D:3      | Reached skill level 7 in Long Blades
  3691 | D:3      | Reached XP level 7. HP: 30/34 MP: 11/11
  3696 | D:3      | Learned a level 2 spell: Blink
  3700 | D:3      | Learned a level 3 spell: Vhi's Electric Charge
  3703 | D:3      | Learned a level 2 spell: Poisonous Vapours
  3727 | D:4      | Reached skill level 1 in Air Magic
  3916 | D:4      | HP: 1/34 [orc wizard/magic dart (4)]
  4160 | D:4      | Found a staircase to the Ecumenical Temple.
  4171 | Temple   | Entered the Ecumenical Temple
  4659 | Temple   | Became a worshipper of the Wu Jian Council
  4707 | D:5      | Entered Level 5 of the Dungeon
  4870 | D:5      | Reached skill level 5 in Spellcasting
  4870 | D:5      | Gained mutation: You have razor-sharp teeth. [Vine Stalker
                  | growth]
  4870 | D:5      | Reached XP level 8. HP: 38/38 MP: 16/16
  4900 | D:5      | Reached skill level 1 in Poison Magic
  5064 | D:5      | Reached skill level 5 in Poison Magic
  5077 | D:5      | Found a radiant altar of Vehumet.
  5155 | D:5      | Found Taegiamo's Weapon Emporium.
  5197 | D:5      | Bought a +1 falchion of draining for 124 gold pieces
  5197 | D:5      | Bought a +0 great sword for 65 gold pieces
  5213 | D:5      | Learned a level 4 spell: Olgreb's Toxic Radiance
  5251 | D:5      | Found a sacrificial altar of Ru.
  5287 | D:5      | Reached * piety under Wu Jian
  5295 | D:5      | Identified the +1 ring mail of a Hundred Leylines {Int+6}
  5511 | D:5      | Noticed Edmund
  5603 | D:5      | Killed Edmund
  5813 | D:6      | Found a sand-covered staircase.
  5854 | D:6      | Found Xyukle Rusu's Weapon Emporium.
  5879 | D:6      | Reached XP level 9. HP: 26/37 MP: 13/19
  6032 | D:6      | Reached skill level 1 in Armour
  6184 | Ossuary  | Entered an ossuary
  7210 | D:7      | Reached ** piety under Wu Jian
  7364 | D:7      | Identified the +7 war axe of the Radish {drain, rPois Int+2
                  | Dex+3 Stlth+}
  7429 | D:7      | Learned a level 4 spell: Manifold Assault
  7431 | D:7      | Learned a level 1 spell: Summon Small Mammal
  7433 | D:7      | Learned a level 1 spell: Sting
  7455 | D:7      | Reached skill level 1 in Evocations
  7496 | D:7      | Reached XP level 10. HP: 26/49 MP: 12/23
  8004 | D:8      | Noticed Maurice
  8120 | D:7      | Reached skill level 8 in Long Blades
  8779 | D:8      | Reached skill level 9 in Long Blades
  8789 | D:8      | Noticed a two-headed ogre
  8833 | D:8      | Killed a two-headed ogre
  8888 | D:8      | Killed Maurice
  8889 | D:8      | Reached skill level 10 in Long Blades
  8999 | D:8      | Reached *** piety under Wu Jian
  9706 | D:9      | Reached XP level 11. HP: 31/52 MP: 14/24
  9911 | D:9      | Learned a level 3 spell: Mephitic Cloud
 10155 | D:9      | Found Raiblegh's Distillery.
 10163 | D:9      | Bought a potion of berserk rage for 85 gold pieces
 10245 | D:9      | Reached skill level 11 in Long Blades
 10626 | D:10     | Entered Level 10 of the Dungeon
 11216 | D:10     | HP: 1/45 [orc warrior/+0 halberd (9)]
 11797 | D:10     | Found a staircase to the Lair.
 12119 | D:10     | Reached skill level 12 in Long Blades
 12862 | D:11     | Found a staircase to the Orcish Mines.
 13095 | D:11     | Noticed a boulder beetle
 13129 | D:11     | Noticed a two-headed ogre
 13158 | D:11     | Killed a boulder beetle
 13173 | D:11     | Killed a two-headed ogre
 13241 | D:11     | Killed from afar by a gargoyle

Illustrated notes

Levels and vault maps discovered:
D:1:      dpeg_arrival_prison, layout_basic, minmay_indecisive_spiral
D:2:      wander_river, layout_basic, serial_rivers,
          chequers_serial_rivers_room_b, chequers_serial_rivers_micro_e,
          chequers_serial_rivers_micro_b, chequers_serial_rivers_large_a,
          serial_shops, nicolae_shop_temple_entry_statues_fountains,
          nicolae_lakefront_shop
D:3:      minmay_spotlight, layout_basic, serial_shops, shop, uniq_robin
D:4:      layout_loops_ring, temple_doors_ab, uniq_eustachio
D:5:      layout_basic, nicolae_vehumet_radiance, general_overflow_altar,
          serial_shops, nicolae_lakefront_shop, minmay_fractal_squares_5,
          uniq_edmund
D:6:      layout_basic, serial_shops, shop, nicolae_ossuary_entry_plus,
          serial_bayou_pond_a
D:7:      layout_basic
D:8:      layout_loops_ring, minmay_manual_monstrance, uniq_maurice
D:9:      layout_gridville, serial_shops, shop
D:10:     layout_roguey, david_lair_shrubbed
D:11:     minmay_the_grid_octo_tiled_octocenter [minmay_the_grid_octo_focus,
          minmay_the_grid_octo_concentric, minmay_the_grid_octo_tetromino_candy,
          minmay_the_grid_octo_vomiting_pacman, minmay_the_grid_octo_prize_star,
          minmay_the_grid_square_5x5_minimal,
          minmay_the_grid_square_5x5_two_small,
          minmay_the_grid_square_5x5_broken_cross,
          minmay_the_grid_square_5x5_eight_small], layout_stronghold,
          orc_0_dummy, muffindrake_ghost_dual_entry, nicolae_xom_altar_mimics
Temple:   mainiacjoe_temple_big_plus

Skill      XL: |  1  2  3  4  5  6  7  8  9 10 11 |
---------------+----------------------------------+-----
Long Blades    | 2 3 4 5 7 10 12 | 12.2
Air Magic      | 1 |  1.0
Spellcasting   | 5 6 8 |  8.1
Poison Magic   | 5 |  5.3
Dodging        | 2 4 |  4.8
Armour         | 3 |  3.2
Fighting       | 3 |  3.2
Evocations     | 2 3 |  3.3
Throwing       | |  0.8
Translocations | |  3.0

Action                     |  1- 3 |  4- 6 |  7- 9 | 10-12 || total
---------------------------+-------+-------+-------+-------++-------
  Melee: Falchion          |   114 |     7 |    36 |       ||   157
         Bite              |    22 |    56 |   160 |   109 ||   347
         Punch             |     1 |     4 |     9 |       ||    14
         Dagger            |       |   188 |   215 |       ||   403
         Staff             |       |       |    19 |    24 ||    43
         Short sword       |       |       |    50 |       ||    50
         Great sword       |       |       |   124 |   223 ||   347
         Scimitar          |       |       |       |    91 ||    91
   Fire: Sling             |       |       |     2 |     3 ||     5
  Throw: Boomerang         |       |     1 |       |       ||     1
         Dart              |       |       |     2 |     4 ||     6
   Cast: Poisonous Vapours |       |       |    12 |    22 ||    34
         Blink             |       |       |     7 |     9 ||    16
         Sting             |       |       |     2 |       ||     2
         Olgreb's Toxic Ra |       |       |       |     6 ||     6
         Vhi's Electric Ch |       |       |       |     5 ||     5
         Mephitic Cloud    |       |       |       |     1 ||     1
Ability: Lunge             |       |       |    11 |    18 ||    29
         Whirlwind         |       |       |     4 |     4 ||     8
         Wall Jump         |       |       |       |     1 ||     1
  Evoke: Wand              |       |       |       |     4 ||     4
    Use: Scroll            |       |     1 |     8 |    10 ||    19
   Stab: Sleeping          |     2 |       |       |       ||     2
         Distracted        |       |       |       |     1 ||     1
         Confused          |       |       |       |     1 ||     1
 Armour: Leather armour    |    39 |    58 |    41 |       ||   138
         Ring mail         |       |       |   106 |    92 ||   198
  Dodge: Dodged            |    83 |   140 |   220 |   252 ||   695

Table legend: (Time is in decaauts)
 A = Elapsed time spent in this place.
 B = Non-inter-level travel time spent in this place.
 C = Inter-level travel time spent in this place.
 D = Time resting spent in this place.
 E = Time spent auto-exploring this place.
 F = Levels seen in this place.
 G = Mean time per level.
                   A        B        C        D        E       F      G
               +--------+--------+--------+--------+--------+-----+--------+
         Total |  13280 |  12346 |    934 |   1376 |   7914 |  13 | 1021.5 |
       Dungeon |  12345 |  11518 |    827 |   1376 |   7352 |  11 | 1122.3 |
        Temple |    510 |    403 |    107 |      0 |    395 |   1 |  510.0 |
       Ossuary |    425 |    425 |      0 |      0 |    167 |   1 |  425.0 |
               +--------+--------+--------+--------+--------+-----+--------+

Top non-repeatable levels by time:
     D:9: 1742 daAuts
    D:10: 1594 daAuts
     D:7: 1300 daAuts
     D:2: 1259 daAuts
     D:8: 1133 daAuts
     D:1: 1126 daAuts
     D:5: 1060 daAuts
     D:3: 959 daAuts
     D:6: 953 daAuts
     D:4: 847 daAuts
  Temple: 510 daAuts
 Ossuary: 425 daAuts
    D:11: 368 daAuts
